 Dungeon Crawl Stone Soup version 0.26.1-11-gd32895ea62 (webtiles) character file.

Game seed: 12630615622059671282

606 Zeld the Chucker (level 7, -8/45 HPs)
             Began as an Octopode Brigand on May 23, 2021.
             Mangled by a mummy (9 damage)
             ... in an ossuary.
             The game lasted 00:04:47 (5422 turns).

Zeld the Chucker (Octopode Brigand)                 Turns: 5422, Time: 00:04:48

Health: -8/45      AC:  1    Str: 13    XL:     7   Next: 42%
Magic:  16/16      EV: 13    Int: 13    God:
Gold:   225        SH:  0    Dex: 13    Spells: 6/6 levels left

rFire    . . .     SeeInvis .   a - +3 dagger
rCold    . . .     Faith    .   (no shield)
rNeg     . . .     Spirit   .   (helmet restricted)
rPois    .         Reflect  .   (no amulet)
rElec    .         Harm     .   (no ring)
rCorr    .         Rampage  .   k - ring of magical power
Will     .....                  (no ring)
Stlth    ++++......             (no ring)
HPRegen  0.15/turn              (no ring)
MPRegen  0.15/turn              (no ring)
                                (no ring)
                                (no ring)

@: no status effects
A: almost no armour, stealthy swim, amphibious, 8 rings, constrict 8, camouflage
1, gelatinous body 1
a: no special abilities


You were in an ossuary.
You visited 1 branch of the dungeon, and saw 5 of its levels.
You also visited: Ossuary.

You collected 225 gold pieces.

Inventory:

Hand Weapons
 a - a +3 dagger (weapon)
Missiles
 b - 38 poisoned darts (quivered)
 c - 2 curare-tipped darts
Jewellery
 k - a ring of magical power (right tentacle)
Scrolls
 f - a scroll of blinking
 g - 3 scrolls of teleportation
 i - a scroll of immolation {unknown}
 m - 4 scrolls of remove curse
 p - a scroll of fog {unknown}
Potions
 d - a potion of flight {unknown}
 e - a potion of magic {unknown}
 h - 4 potions of curing
 j - 3 potions of cancellation {unknown}
 l - a potion of might {unknown}
 o - a potion of brilliance {unknown}


   Skills:
 - Level 2.0 Fighting
 * Level 5.8 Short Blades
 * Level 5.8 Throwing
 - Level 1.0 Dodging
 - Level 5.3 Stealth


You had 6 spell levels left.
You didn't know any spells.
Your spell library contained the following spells:

 Spells                   Type           Power        Failure   Level
 Animate Skeleton         Necr           0%           30%         1
 Pain                     Necr           0%           30%         1
 Vampiric Draining        Necr           0%           67%         3
 Animate Dead             Necr           0%           97%         4
 Agony                    Necr           0%           100%        5


Dungeon Overview and Level Annotations

Branches:
Dungeon (5/15)            Ossuary (1/1)
 Temple: D:4-7

Altars:
Elyvilon
Hepliaklqana
Wu Jian
The Shining One


Innate Abilities, Weirdness & Mutations

You cannot wear most types of armour.
You are very stealthy in the water. (Stealth+)
You are amphibious.
You can wear up to eight rings at the same time.
You can use your tentacles to constrict eight enemies at once.
Your skin changes colour to match your surroundings (Stealth+).
Your rubbery body absorbs attacks. (AC +1, EV +1)


Message History

You hit the mummy.
The mummy is moderately damaged.
You constrict the mummy, but do no damage.
You hit the mummy but do no damage.
The mummy is moderately damaged.
You constrict the mummy. You hit the mummy but do no damage.
The mummy is heavily damaged.
You constrict the mummy. The mummy closely misses you. The mummy hits you!
* * * LOW HITPOINT WARNING * * *
The mummy barely misses you.
You hit the mummy.
The mummy is severely damaged.
You constrict the mummy. You barely miss the mummy.
The mummy is almost destroyed.
You constrict the mummy. The mummy hits you!
* * * LOW HITPOINT WARNING * * *
The mummy hits you!
You die...

####
#M.######
##@.....#
#MM.∩.∩.+
##......#
#..######
####


You could see 3 mummies.

Vanquished Creatures
  An elf zombie (D:5)
  A scorpion (D:4)
  A centaur zombie (D:5)
  3 orc wizards
  2 orc priests
  A bullfrog skeleton (D:3)
  A human skeleton (D:5)
  An iguana (D:4)
  2 worker ants (D:4)
  A hound skeleton (D:4)
  8 adders
  2 oozes
  2 worms (D:3)
  3 dart slugs
  3 leopard geckos
  10 orcs
  6 giant cockroaches
  7 goblins
  6 hobgoblins
  11 kobolds
  3 quokkas
  2 ball pythons
  9 bats
  4 frilled lizards
  An orc zombie (D:5)
  3 rats
94 creatures vanquished.

Vanquished Creatures (others)
  A plant (D:2)
1 creature vanquished.

Grand Total: 95 creatures vanquished

Notes
Turn   | Place    | Note
-------+----------+-------------------------------------------
     0 | D:1      | Zeld the Octopode Brigand began the quest for the Orb.
     0 | D:1      | Reached XP level 1. HP: 14/14 MP: 1/1
   119 | D:1      | Reached XP level 2. HP: 7/19 MP: 2/2
   856 | D:1      | Reached XP level 3. HP: 15/24 MP: 3/3
  1893 | D:2      | Reached XP level 4. HP: 9/29 MP: 4/4
  2991 | D:3      | Reached XP level 5. HP: 34/34 MP: 5/5
  3076 | D:3      | Found a glowing golden altar of the Shining One.
  3088 | D:3      | Found a white marble altar of Elyvilon.
  3936 | D:4      | Reached XP level 6. HP: 31/39 MP: 6/6
  4220 | D:4      | Reached skill level 5 in Short Blades
  4220 | D:4      | Reached skill level 5 in Throwing
  4396 | D:4      | Found a white marble altar of Elyvilon.
  4878 | D:5      | Entered Level 5 of the Dungeon
  4937 | D:5      | Found an ornate altar of the Wu Jian Council.
  4937 | D:5      | Found a hazy altar of Hepliaklqana.
  5055 | D:5      | Reached XP level 7. HP: 27/45 MP: 7/7
  5401 | D:5      | Found a sand-covered staircase.
  5413 | Ossuary  | Entered an ossuary
  5422 | Ossuary  | HP: 1/45 [mummy (9)]
  5422 | Ossuary  | Mangled by a mummy

Illustrated notes

Levels and vault maps discovered:
D:1:      mrwooster_arrival_statue, layout_basic, minmay_misc_feat_rows
D:2:      layout_basic, serial_forest, infiniplex_forest_lined_1,
          infiniplex_forest_corner_1, infiniplex_forest_straight_5,
          infiniplex_forest_clump_long, infiniplex_forest_straight_3,
          infiniplex_forest_straight_2, kennysheep_generic_room_15
D:3:      layout_basic, lemuel_doored_altar, elyvilon_altar_5
D:4:      layout_loops_ring, overflow_temple_1_default
D:5:      layout_gridville, amethyst_overflow_temple_binary,
          nicolae_ossuary_entry_catacombs, kennysheep_potato
Ossuary:  ossuary_minmay_chase

Skill      XL: |  1  2  3  4  5  6 |
---------------+-------------------+-----
Short Blades   | 3 4 5 |  5.8
Throwing       | 3 4 5 |  5.8
Fighting       | |  2.0
Dodging        | |  1.0
Stealth        | |  5.3

Action                   |  1- 3 |  4- 6 |  7- 9 || total
-------------------------+-------+-------+-------++-------
Melee: Dagger            |    70 |   118 |    25 ||   213
       Constrict         |    18 |    23 |     4 ||    45
       Tentacles         |     8 |    26 |     4 ||    38
  Use: Scroll            |       |    10 |       ||    10
 Stab: Sleeping          |    11 |    19 |     5 ||    35
Armor: Skin              |     6 |     6 |     1 ||    13
Dodge: Dodged            |    36 |    50 |     9 ||    95
